AoeStats
← ESTUDIANTE DE UCV DEL PISO 12

Arena

508138168Analyzed
4v4 RM · 12d ago on Sep 21, 2026· 71m 44s· 8 players
Game mode
Random Map
Map size
Large (8 player)
Population
200
Speed
Normal
Resources
Standard
Victory
Conquest
Starting age
Dark Age
Ending age
Imperial Age
RankedLock teamsTeams togetherTeam positionsShared explorationLock speedFull tech treeHidden civsTurbo modeCheats
Victory
Defeat
🇦🇷 Britons · Argentina
687
+12
🇧🇷 Jurchens · Brazil
628
+14
🇭🇰 Burgundians · Hong Kong SAR China
613
+15
🇺🇸 Spanish · United States
597
+16
🇵🇪 Khmer · Peru
689
-18
605
-15
🇵🇪 Huns · Peru
545
-12
🇵🇪 Aztecs · Peru
542
-12
Lucasavend
0:58 Loom
12:43 Feudal Age
15:11 Wheelbarrow
14:24 Town Watch
14:31 Double-Bit Axe
15:41 Horse Collar
15:57 Gold Mining
15:59 Stone Mining
22:38 Castle Age
23:33 Bow Saw
23:28 Heavy Plow
25:24 Fletching
28:58 Murder Holes
34:09 Imperial Age
33:11 Ballistics
33:26 Bodkin Arrow
35:41 Bracer
36:35 Padded Archer Armor
59:16 Yeomen
59:31 Caravan
66:26 Two-Man Saw
66:16 Leather Archer Armor
69:02 Conscription
69:54 Chemistry
ALWJT
12:14 Feudal Age
17:23 Castle Age
15:34 Double-Bit Axe
15:41 Horse Collar
21:22 Heavy Plow
21:35 Bow Saw
25:51 Stone Mining
26:35 Loom
28:04 Ballistics
30:15 Murder Holes
31:32 Caravan
31:37 Gold Mining
32:23 Stone Shaft Mining
35:32 Imperial Age
33:44 Wheelbarrow
33:03 Town Watch
34:12 Elite Skirmisher
35:10 Forging
34:50 Fletching
35:01 Padded Archer Armor
35:07 Scale Barding Armor
36:31 Iron Casting
36:15 Masonry
36:42 Conscription
37:08 Bodkin Arrow
38:44 Chemistry
43:45 Elite Conquistador
48:16 Husbandry
47:39 Cavalier
48:18 Arrowslits
52:04 Hand Cart
57:00 Squires
56:21 Pikeman
57:22 Fortified Wall
60:36 Bombard Tower
60:11 Guard Tower
62:12 Blast Furnace
61:13 Bracer
61:28 Leather Archer Armor
61:34 Chain Barding Armor
62:19 Two-Man Saw
62:33 Paladin
69:17 Plate Barding Armor
69:13 Ring Archer Armor
68:45 Scale Mail Armor
71:02 Halberdier
Harry PHJ
4:50 Loom
9:38 Double-Bit Axe
11:56 Wheelbarrow
12:57 Feudal Age
11:53 Horse Collar
14:56 Feudal Age
18:47 Bow Saw
18:57 Heavy Plow
19:44 Gold Mining
19:47 Stone Mining
22:44 Castle Age
23:55 Gold Shaft Mining
23:57 Stone Shaft Mining
26:36 Hand Cart
28:01 Two-Man Saw
27:32 Crop Rotation
30:11 Caravan
38:00 Imperial Age
39:11 Coinage
40:26 Elite Coustillier
45:09 Scale Barding Armor
45:06 Scale Mail Armor
56:18 Chain Barding Armor
56:14 Chain Mail Armor
60:33 Plate Barding Armor
60:28 Plate Mail Armor
64:54 Banking
64:37 Guilds
67:33 Forging
Gods ;*
11:53 Loom
18:08 Feudal Age
19:24 Feudal Age
28:30 Fletching
28:40 Padded Archer Armor
30:43 Horse Collar
41:05 Castle Age
42:13 Bodkin Arrow
42:34 Leather Archer Armor
41:44 Crossbowman
41:46 Elite Skirmisher
42:38 Heavy Plow
45:03 Double-Bit Axe
59:04 Forging
59:00 Scale Barding Armor
66:52 Gold Mining
66:53 Stone Mining
70:45 Scale Mail Armor
Alfaprox
3:25 Loom
10:29 Loom
12:16 Feudal Age
13:18 Double-Bit Axe
16:48 Horse Collar
21:10 Castle Age
22:12 Caravan
23:38 Pikeman
25:01 Wheelbarrow
26:33 Fletching
28:25 Hand Cart
27:50 Man-at-Arms
29:53 Heavy Plow
32:37 Bow Saw
40:18 Imperial Age
41:02 Guard Tower
41:23 Fortified Wall
42:17 Chemistry
44:42 Bodkin Arrow
46:44 Atlatl
48:55 Elite Skirmisher
52:04 Eagle Warrior
SI ME LA JALO PIERDO
1:14 Loom
11:57 Feudal Age
13:41 Wheelbarrow
12:59 Town Watch
13:53 Wheelbarrow
13:22 Horse Collar
13:30 Double-Bit Axe
16:30 Gold Mining
21:47 Man-at-Arms
24:37 Stone Mining
33:33 Castle Age
34:30 Bloodlines
35:55 Hand Cart
35:41 Town Patrol
35:38 Elite Skirmisher
35:41 Crossbowman
36:25 Squires
38:07 Gold Shaft Mining
37:34 Heavy Plow
37:57 Bow Saw
37:46 Long Swordsman
37:46 Pikeman
38:12 Arson
39:59 Husbandry
42:14 Caravan
42:45 Coinage
43:43 Masonry
43:29 Murder Holes
46:06 Ballistics
45:58 Careening
46:00 Forging
45:51 Scale Mail Armor
45:56 Scale Barding Armor
45:52 Padded Archer Armor
45:42 Fletching
45:56 Light Cavalry
47:18 Marauders
50:03 Iron Casting
49:44 Chain Mail Armor
49:50 Chain Barding Armor
49:45 Leather Archer Armor
49:21 Fletching
49:43 Clinker Construction
55:56 Imperial Age
56:03 Bodkin Arrow
58:13 Blast Furnace
57:49 Plate Barding Armor
57:16 Bracer
57:51 Parthian Tactics
57:32 Thumb Ring
56:50 Two-Handed Swordsman
59:08 Two-Man Saw
58:13 Halberdier
59:02 Cavalier
60:15 Atheism
62:02 Chemistry
62:27 Banking
62:08 Guilds
62:10 Heavy Cavalry Archer
63:34 Conscription
64:05 Capped Ram
67:44 Siege Ram
69:42 Sappers
ESTUDIANTE DE UCV DEL PISO 12
14:11 Feudal Age
15:55 Horse Collar
18:21 Town Watch
22:08 Castle Age
20:34 Stone Mining
22:46 Pikeman
23:11 Gambesons
23:27 Squires
27:11 Heavy Plow
26:59 Double-Bit Axe
33:27 Bow Saw
34:18 Wheelbarrow
34:21 Stone Shaft Mining
33:39 Gold Mining
38:23 Coinage
Sapolio
12:49 Feudal Age
11:08 Loom
16:53 Castle Age
16:02 Double-Bit Axe
16:01 Horse Collar
23:57 Wheelbarrow
24:14 Bow Saw
24:06 Heavy Plow
29:20 Imperial Age
27:40 Hand Cart
29:48 Forging
31:04 Chemistry
32:12 Crop Rotation
32:46 Iron Casting
32:16 Scale Barding Armor
32:19 Siege Engineers
34:15 Light Cavalry
35:06 Bloodlines
36:10 Blast Furnace
35:31 Chain Barding Armor
35:57 Caravan
36:50 Hussar
40:49 Plate Barding Armor
41:30 Town Watch
43:34 Elite Ballista Elephant
44:15 Double Crossbow
44:36 Conscription
48:58 Husbandry
50:38 Masonry
Connection lost

Rejoining the realm…

Still unreachable

The connection could not be restored.

Session expired

The server has moved on; the page needs a fresh start.